 Dungeon Crawl Stone Soup version 0.21-a0-529-g8c7b3f5 (webtiles) character file.

72 Gerstahl the Skirmisher (level 4, -3/37 HPs)
             Began as a Demonspawn Monk on Dec 9, 2017.
             Was a Believer of Ashenzari.
             Slain by Crazy Yiuf
             ... wielding a +3 quarterstaff of chaos
              (11 damage)
             ... on level 2 of the Dungeon.
             The game lasted 00:02:32 (2062 turns).

Gerstahl the Skirmisher (Demonspawn Monk)           Turns: 2062, Time: 00:02:34

Health: -3/37      AC:  3    Str: 11    XL:     4   Next: 7%
Magic:  0/4        EV: 13    Int: 12    God:    Ashenzari [**....]
Gold:   76         SH:  0    Dex: 16    Spells: 3/3 levels left

rFire    . . .     SeeInvis .   a - +0 falchion
rCold    . . .     Gourm    .   (no shield)
rNeg     . . .     Faith    .   b - +0 robe
rPois    .         Spirit   +   (no helmet)
rElec    .         Reflect  .   (no cloak)
rCorr    .         Harm     .   e - +0 pair of gloves
MR       .....                  (no boots)
Stlth    ++........             (no amulet)
HPRegen  0.12/turn              (no ring)
MPRegen  0.18/turn              (no ring)

@: no status effects
A: magic shield, magic regeneration
a: Curse Item, Scrying, Renounce Religion


You were on level 2 of the Dungeon.
You worshipped Ashenzari.
Ashenzari was pleased with you.
You were hungry.

You visited 1 branch of the dungeon, and saw 2 of its levels.

You collected 76 gold pieces.

Inventory:

Hand Weapons
 a - a +0 falchion (weapon)
Armour
 b - a +0 robe (worn)
 e - a +0 pair of gloves (worn)
Jewellery
 m - a +6 ring of intelligence
Scrolls
 d - 2 scrolls of fog {unknown}
 g - a scroll of identify {unknown}
 h - 2 scrolls of fear {unknown}
 i - 2 scrolls of teleportation {unknown}
 l - 2 scrolls of amnesia {unknown}
Potions
 j - a potion of curing
 k - a potion of heal wounds {unknown}
Comestibles
 c - 4 bread rations
 f - a royal jelly
 n - a fruit
 o - a meat ration


   Skills:
 + Level 4.0 Fighting
 + Level 3.6 Long Blades
 + Level 2.8 Dodging
 - Level 1.7 Stealth


You had 3 spell levels left.
You didn't know any spells.

Dungeon Overview and Level Annotations

Branches:
Dungeon (2/15)

Altars:
Ashenzari
Cheibriados
Okawaru
Uskayaw

Annotations:
D:2 Crazy Yiuf


Innate Abilities, Weirdness & Mutations

When hurt, damage is shared between your health and your magic reserves.
You regenerate magic rapidly.


Message History

Ashenzari warns you: He is wielding a quarterstaff of chaos.
Found an uncursed mace.
There is an open door here.
Crazy Yiuf hits you with a quarterstaff of chaos!
You slash Crazy Yiuf!
Crazy Yiuf is moderately wounded.
Crazy Yiuf hits you with a quarterstaff of chaos.
Crazy Yiuf draws strength from your wounds!
You barely miss Crazy Yiuf.
Crazy Yiuf is moderately wounded.
Crazy Yiuf says, "Gum!
Snurf noodlescoop Xom."
Crazy Yiuf barely misses you.
You riposte.
You hit Crazy Yiuf but do no damage.
Crazy Yiuf is moderately wounded.
You hit Crazy Yiuf.
Crazy Yiuf is heavily wounded.
Crazy Yiuf says, "Cod!
Dawk koolooloo snockshim."
Crazy Yiuf hits you with a quarterstaff of chaos!
* * * LOW HITPOINT WARNING * * *
You are electrocuted!
You die...

##.#######.##.#
#.# #.##.# #.##
#.##.# #..#
#..... #####
####.# #.#
######.# #####
#.###......#
#)g.#
#...........
##### #.@.#
#..........#
##### #...#
#...#
#..........#
....# #[..#
##'##
#(.........#
....# #...#
#.##
###..#.#....
....####...#
##.# ##.#......
...........#
#.## #.#......
#########.##
##.# #........
........#.#
##.## ##.......
#######.#.#
##...# #.......


You could see Crazy Yiuf.

Vanquished Creatures
  2 adders (D:2)
  An ooze (D:2)
  A worm (D:2)
  3 leopard geckos
  A giant cockroach (D:2)
  4 hobgoblins
  4 jackals (D:2)
  3 kobolds (D:1)
  A quokka (D:2)
  2 ball pythons (D:2)
  4 bats
  3 frilled lizards (D:2)
  11 goblins
  A rat (D:1)
41 creatures vanquished.

Notes
Turn   | Place    | Note
-------+----------+-------------------------------------------
     0 | D:1      | Gerstahl the Demonspawn Monk began the quest for the Orb.
     0 | D:1      | Reached XP level 1. HP: 18/18 MP: 1/1
   495 | D:1      | Gained mutation: When hurt, damage is shared between your health and your magic reserves. [demonic ancestry]
   495 | D:1      | Reached XP level 2. HP: 21/24 MP: 2/2
  1059 | D:2      | Found a shattered altar of Ashenzari.
  1118 | D:2      | Gained mutation: You regenerate magic rapidly. [demonic ancestry]
  1118 | D:2      | Reached XP level 3. HP: 28/29 MP: 3/3
  1122 | D:2      | Became a worshipper of Ashenzari the Shackled
  1122 | D:2      | Reached * piety under Ashenzari
  1122 | D:2      | Reached ** piety under Ashenzari
  1413 | D:2      | Found an iron altar of Okawaru.
  1418 | D:2      | Found a snail-covered altar of Cheibriados.
  1537 | D:2      | Reached skill level 4 in Fighting
  1537 | D:2      | Reached XP level 4. HP: 12/37 MP: 1/4
  1984 | D:2      | Found a hide-covered altar of Uskayaw.
  2052 | D:2      | Found a runed door.
  2056 | D:2      | Noticed Crazy Yiuf
  2062 | D:2      | Slain by Crazy Yiuf

Vault maps used:
D:1:      scummos_arrival_forest
D:2:      overflow_temple_1_default, nicolae_overflow_hidden_temple,
          chequers_temple_overflow_statue_of_worship, first_bread,
          uniq_crazy_yiuf_cottage

Skill      XL: |  1  2  3 |
---------------+----------+-----
Long Blades    | 3 |  3.6
Fighting       | 4 |  4.0
Dodging        | |  2.8
Stealth        | |  1.7

Action                   |  1- 3 |  4- 6 || total
-------------------------+-------+-------++-------
Melee: Falchion          |   136 |     8 ||   144
  Use: Potion            |     1 |       ||     1
 Stab: Sleeping          |     6 |     1 ||     7
  Eat: Chunk             |     2 |     1 ||     3
Armor: Robe              |    38 |       ||    38
Dodge: Dodged            |   102 |     4 ||   106
       Rpst.: Falchion   |    31 |     3 ||    34

Table legend:
 A = Spawn XP
 B = Non-spawn XP
 C = Spawn XP percentage of total XP
 D = Spawn monster count
 E = Non-spawn monster count
 F = Spawn count percentage of total count
 G = Total turns spent on level
                    A         B        C        D         E        F      G
               +---------+---------+-------+---------+---------+-------+---------
         Total |       0 |     104 |   0.0 |       0 |      41 |   0.0 |  2062
               +---------+---------+-------+---------+---------+-------+---------
           D:1 |       0 |      29 |   0.0 |       0 |      16 |   0.0 |  1059
           D:2 |       0 |      75 |   0.0 |       0 |      25 |   0.0 |  1003
               +---------+---------+-------+---------+---------+-------+---------
